SL
BUCKHEAD BOWTIES @ SEATTLE AVIATORS
04/23/2033
 
TOP OF THE 1ST
Buckhead Bowties batting - Pitching for Seattle Aviators : RHP Robbie Baxter
Pitching: RHP Robbie Baxter
Batting: LHB Roberto Salazar 0-0: Ball
1-0: Ball
2-0: Called Strike
2-1: Ball
3-1: Called Strike
3-2: Ground out U3 (Groundball, 3)
Batting: LHB Félix López 0-0: Swinging Strike
0-1: Ground out 6-3 (Groundball, 56)
Batting: RHB Derek Bangert 0-0: Ball
1-0: Ball
2-0: Ball
3-0: Called Strike
3-1: Ground out 4-3 (Groundball, 4M)
Top of the 1st over - 0 runs, 0 hits, 0 errors, 0 left on base; Buckhead 0 - Seattle 0
BOTTOM OF THE 1ST
Seattle Aviators batting - Pitching for Buckhead Bowties : RHP Tyler MacHugh
Pitching: RHP Tyler MacHugh
Batting: SHB Nuygen Vuong 0-0: Swinging Strike
0-1: Foul Ball, location: 2F
0-2: Foul Ball, location: 2F
0-2: Ball
1-2: Ball
2-2: Foul Ball, location: 2F
2-2: Ground out 3-1 (Groundball, 34)
Batting: RHB Alfredo Méndez 0-0: Foul Ball, location: 2F
0-1: Called Strike
0-2: Ball
1-2: Ball
2-2: Ball
3-2: Strikes out looking
Batting: LHB Kenny Webster 0-0: Swinging Strike
0-1: SINGLE (Line Drive, 7S)
Batting: LHB Gong Mao 0-0: Ball
1-0: Ground out 4-3 (Groundball, 4MS)
Bottom of the 1st over - 0 runs, 1 hit, 0 errors, 1 left on base; Buckhead 0 - Seattle 0
TOP OF THE 2ND
Buckhead Bowties batting - Pitching for Seattle Aviators : RHP Robbie Baxter
Batting: LHB Yu-zeng Si 0-0: Ball
1-0: Swinging Strike
1-1: Foul Ball, location: 2F
1-2: Foul Ball, location: 2F
1-2: Ball
2-2: Fly out, F8 (Line Drive, 8RD)
Batting: RHB Richard Jost 0-0: Called Strike
0-1: Ball
1-1: Foul Ball, location: 2F
1-2: Ball
2-2: Foul Ball, location: 2F
2-2: Ball
3-2: Base on Balls
Batting: RHB Daniel McCoy 0-0: Ball
1-0: Ball
2-0: Called Strike
2-1: Called Strike
2-2: Strikes out swinging
Batting: LHB Edwin Church 0-0: Ball
1-0: Foul Ball, location: 2F
1-1: Swinging Strike
1-2: Foul Ball, location: 2F
1-2: Strikes out looking
Top of the 2nd over - 0 runs, 0 hits, 0 errors, 1 left on base; Buckhead 0 - Seattle 0
BOTTOM OF THE 2ND
Seattle Aviators batting - Pitching for Buckhead Bowties : RHP Tyler MacHugh
Batting: RHB Albert Zamudio 0-0: Ball
1-0: Called Strike
1-1: Ball
2-1: SOLO HOME RUN (Flyball, 78XD), Distance : 432 ft
Batting: LHB Ignacio Martínez 0-0: Ball
1-0: Ball
2-0: Ground out U3 (Groundball, 3)
Batting: RHB Patrick Eggen 0-0: Foul Ball, location: 2F
0-1: Called Strike
0-2: Strikes out swinging
Batting: RHB José Leyva 0-0: SINGLE (Line Drive, 6D)
Batting: RHB Tomás Gonzáles 0-0: Called Strike
0-1: Swinging Strike
0-2: Ball
1-2: SINGLE (Line Drive, 34D)
José Leyva to second
Batting: SHB Nuygen Vuong 0-0: Foul Ball, location: 2F
0-1: Ball
1-1: Ball
2-1: Foul Ball, location: 2F
2-2: Fly out, F9 (Flyball, 9)
Bottom of the 2nd over - 1 run, 3 hits, 0 errors, 2 left on base; Buckhead 0 - Seattle 1
TOP OF THE 3RD
Buckhead Bowties batting - Pitching for Seattle Aviators : RHP Robbie Baxter
Batting: RHB Raúl Ruíz 0-0: Swinging Strike
0-1: Ball
1-1: Swinging Strike
1-2: Ball
2-2: Strikes out swinging
Batting: RHB Kevin Baxter 0-0: Ball
1-0: SINGLE (Groundball, 6MD)
Batting: LHB Roberto Salazar 0-0: SINGLE (Line Drive, 56)
Kevin Baxter to second
Batting: LHB Félix López 0-0: Called Strike
0-1: Called Strike
0-2: Ball
1-2: Grounds into double play, 6-4-3 (Groundball, 6)
Top of the 3rd over - 0 runs, 2 hits, 0 errors, 1 left on base; Buckhead 0 - Seattle 1
BOTTOM OF THE 3RD
Seattle Aviators batting - Pitching for Buckhead Bowties : RHP Tyler MacHugh
Batting: RHB Alfredo Méndez 0-0: Ball
1-0: Ground out 3-1 (Groundball, 34)
Batting: LHB Kenny Webster 0-0: Ball
1-0: Foul Ball, location: 2F
1-1: Called Strike
1-2: Ball
2-2: Ball
3-2: Base on Balls
Batting: LHB Gong Mao 0-0: Called Strike
0-1: Ball
1-1: Swinging Strike
1-2: Foul Ball, location: 2F
1-2: Foul Ball, location: 2F
1-2: Strikes out swinging
Batting: RHB Albert Zamudio 0-0: Foul Ball, location: 2F
0-1: Swinging Strike
0-2: Fly out, F6 (Popup, 6M)
Bottom of the 3rd over - 0 runs, 0 hits, 0 errors, 1 left on base; Buckhead 0 - Seattle 1
TOP OF THE 4TH
Buckhead Bowties batting - Pitching for Seattle Aviators : RHP Robbie Baxter
Batting: RHB Derek Bangert 0-0: SINGLE (Line Drive, 6D)
Batting: LHB Yu-zeng Si 0-0: Called Strike
0-1: Foul Ball, location: 2F
0-2: Ball
1-2: Foul Ball, location: 2F
1-2: Fly out, F9 (Flyball, 9)
Batting: RHB Richard Jost 0-0: Called Strike
0-1: Fly out, F9 (Flyball, 89D)
Batting: RHB Daniel McCoy 0-0: Called Strike
0-1: Ball
1-1: Ball
2-1: Ball
3-1: Base on Balls
Derek Bangert to second
Batting: LHB Edwin Church 0-0: DOUBLE (Groundball, 3L)
Derek Bangert scores
Daniel McCoy to third
Runner from 3rd tries for Home, SAFE, no throw
Batting: RHB Raúl Ruíz 0-0: Ball
1-0: Foul Ball, location: 2F
1-1: Swinging Strike
1-2: Ground out 6-3 (Groundball, 6S)
Top of the 4th over - 2 runs, 2 hits, 0 errors, 1 left on base; Buckhead 2 - Seattle 1
BOTTOM OF THE 4TH
Seattle Aviators batting - Pitching for Buckhead Bowties : RHP Tyler MacHugh
Batting: LHB Ignacio Martínez 0-0: Ball
1-0: Ball
2-0: Called Strike
2-1: Fly out, F9 (Flyball, 89S)
Batting: RHB Patrick Eggen 0-0: Ball
1-0: Ground out U3 (Groundball, 34)
Batting: RHB José Leyva 0-0: SINGLE (Flyball, 8RS)
Batting: RHB Tomás Gonzáles 0-0: Ball
1-0: Ball
2-0: Called Strike
2-1: Foul Ball, location: 2F
2-2: Ball
3-2: Base on Balls
José Leyva to second
Batting: SHB Nuygen Vuong 0-0: Ball
1-0: Called Strike
1-1: Ball
2-1: Ball
3-1: Ground out 4-3 (Groundball, 4)
Bottom of the 4th over - 0 runs, 1 hit, 0 errors, 2 left on base; Buckhead 2 - Seattle 1
TOP OF THE 5TH
Buckhead Bowties batting - Pitching for Seattle Aviators : RHP Robbie Baxter
Pitching: RHP Alain Arnaud
Batting: RHB Kevin Baxter 0-0: SOLO HOME RUN (Flyball, 7D), Distance : 395 ft
Batting: LHB Roberto Salazar 0-0: Foul Ball, location: 2F
0-1: Ball
1-1: Ball
2-1: Foul Ball, location: 2F
2-2: Foul Ball, location: 2F
2-2: Foul Ball, location: 2F
2-2: Foul Ball, location: 2F
2-2: Ball
3-2: Fly out, F6 (Line Drive, 6)
Batting: LHB Félix López 0-0: Ball
1-0: Fly out, F7 (Line Drive, 7)
Batting: RHB Derek Bangert 0-0: Called Strike
0-1: Foul Ball, location: 2F
0-2: Strikes out looking
Top of the 5th over - 1 run, 1 hit, 0 errors, 0 left on base; Buckhead 3 - Seattle 1
BOTTOM OF THE 5TH
Seattle Aviators batting - Pitching for Buckhead Bowties : RHP Tyler MacHugh
Pitching: RHP Scott Colorado
Batting: RHB Alfredo Méndez 0-0: Ball
1-0: Called Strike
1-1: Ball
2-1: Ball
3-1: Ground out U3 (Groundball, 3)
Batting: LHB Kenny Webster 0-0: Ball
1-0: Ball
2-0: Ball
3-0: Base on Balls
Batting: LHB Gong Mao 0-0: Swinging Strike
0-1: Called Strike
0-2: Strikes out swinging
Batting: RHB Albert Zamudio 0-0: Called Strike
0-1: Foul Ball, location: 2F
0-2: Ball
1-2: Foul Ball, location: 2F
1-2: Foul Ball, location: 2F
1-2: Foul Ball, location: 2F
1-2: Strikes out swinging
Bottom of the 5th over - 0 runs, 0 hits, 0 errors, 1 left on base; Buckhead 3 - Seattle 1
TOP OF THE 6TH
Buckhead Bowties batting - Pitching for Seattle Aviators : RHP Alain Arnaud
Batting: LHB Yu-zeng Si 0-0: Ball
1-0: Ball
2-0: Foul Ball, location: 2F
2-1: Ground out 4-3 (Groundball, 34)
Batting: RHB Richard Jost 0-0: Ball
1-0: Foul Ball, location: 2F
1-1: Called Strike
1-2: Strikes out swinging
Batting: RHB Daniel McCoy 0-0: Swinging Strike
0-1: Foul Ball, location: 2F
0-2: Strikes out swinging
Top of the 6th over - 0 runs, 0 hits, 0 errors, 0 left on base; Buckhead 3 - Seattle 1
BOTTOM OF THE 6TH
Seattle Aviators batting - Pitching for Buckhead Bowties : RHP Scott Colorado
Batting: LHB Ignacio Martínez 0-0: SINGLE (Groundball, 3D)
Pinch Runner at 1st Marc Beck:
Batting: RHB Patrick Eggen 0-0: Called Strike
0-1: Swinging Strike
0-2: Ground out 4-3 (Groundball, 34)
Marc Beck to second
Batting: RHB José Leyva 0-0: Called Strike
Marc Beck steals 3rd base
0-1: SINGLE (Flyball, 9LM)
Marc Beck scores
Batting: RHB Tomás Gonzáles 0-0: Ground out 5-3 (Groundball, 5)
José Leyva to second
Pinch Hitting: RHB Wilfred McLaughlin 0-0: Called Strike
0-1: Ball
1-1: Ground out 1-3 (Groundball, 13S)
Bottom of the 6th over - 1 run, 2 hits, 0 errors, 1 left on base; Buckhead 3 - Seattle 2
TOP OF THE 7TH
Buckhead Bowties batting - Pitching for Seattle Aviators : RHP Alain Arnaud
Now at 2B: Wilfred McLaughlin
Batting: LHB Edwin Church 0-0: Foul Ball, location: 2F
0-1: Ball
1-1: Foul Ball, location: 2F
1-2: Ball
2-2: Ball
3-2: Ground out U3 (Groundball, 3S)
Batting: RHB Raúl Ruíz 0-0: Ball
1-0: Ball
2-0: Ball
3-0: Base on Balls
Pinch Hitting: LHB José Valéncia 0-0: Foul Ball, location: 2F
0-1: Grounds into double play, 4-6-3 (Groundball, 4)
Top of the 7th over - 0 runs, 0 hits, 0 errors, 0 left on base; Buckhead 3 - Seattle 2
BOTTOM OF THE 7TH
Seattle Aviators batting - Pitching for Buckhead Bowties : RHP Scott Colorado
Now in CF: José Valéncia
Pinch Hitting: LHB Arana Sashi 0-0: Ball
1-0: Ball
2-0: Ball
3-0: Base on Balls
Pinch Hitting: LHB Yataro Kodo 0-0: Ball
1-0: Foul Ball, location: 2F
1-1: Ball
2-1: Called Strike
2-2: Ball
3-2: Base on Balls
Arana Sashi to second
Pinch Hitting: LHB Thierry Honoré 0-0: DOUBLE (Line Drive, 9LM)
Arana Sashi scores
Yataro Kodo to third
Runner from 3rd tries for Home, SAFE, no throw
Pitching: RHP Ignacio Ayala
Pinch Hitting: LHB José Marín 0-0: Swinging Strike
0-1: Ground out 6-3 (Groundball, 6)
Thierry Honoré to third
Batting: RHB Marc Beck 0-0: DOUBLE (Flyball, 9D)
Thierry Honoré scores
Pinch Hitting: RHB Ludwig Kluge 0-0: Called Strike
0-1: Foul Ball, location: 2F
0-2: Ball
1-2: Ball
2-2: Fly out, F7 (Flyball, 7LMF)
Batting: RHB José Leyva 0-0: Ball
1-0: Ball
2-0: Called Strike
2-1: Foul Ball, location: 2F
2-2: Strikes out looking
Bottom of the 7th over - 3 runs, 2 hits, 0 errors, 1 left on base; Buckhead 3 - Seattle 5
TOP OF THE 8TH
Buckhead Bowties batting - Pitching for Seattle Aviators : RHP Alain Arnaud
Now at 1B: Yataro Kodo
Now at 3B: Ludwig Kluge
Now in LF: José Marín
Now in CF: Thierry Honoré
Now in RF: Arana Sashi
Pinch Hitting: RHB Gabriel Maldonado 0-0: Called Strike
0-1: Ground out 6-3 (Groundball, 6D)
Batting: LHB Félix López 0-0: Ball
1-0: Foul Ball, location: 2F
1-1: Ball
2-1: Swinging Strike
2-2: Foul Ball, location: 2F
2-2: Ball
3-2: Strikes out swinging
Pinch Hitting: RHB Emílio Agramónte 0-0: Called Strike
0-1: Ball
1-1: Called Strike
1-2: Ball
2-2: Strikes out swinging
Top of the 8th over - 0 runs, 0 hits, 0 errors, 0 left on base; Buckhead 3 - Seattle 5
BOTTOM OF THE 8TH
Seattle Aviators batting - Pitching for Buckhead Bowties : RHP Ignacio Ayala
Now at 1B: Emílio Agramónte
Now in LF: Todd Sentell
Pinch Hitting: LHB Vinski Prifti 0-0: Ball
1-0: Called Strike
1-1: Called Strike
1-2: Foul Ball, location: 2F
1-2: Strikes out looking
Batting: RHB Wilfred McLaughlin 0-0: Ball
1-0: Foul Ball, location: 2F
1-1: Called Strike
1-2: Strikes out looking
Batting: LHB Arana Sashi 0-0: Called Strike
0-1: Ball
1-1: Ball
2-1: Ground out 6-3 (Groundball, 6M)
Bottom of the 8th over - 0 runs, 0 hits, 0 errors, 0 left on base; Buckhead 3 - Seattle 5
TOP OF THE 9TH
Buckhead Bowties batting - Pitching for Seattle Aviators : RHP Alain Arnaud
Pitching: LHP Holden Rosen Grupp
Now at SS: Pedro Corona
Batting: LHB Yu-zeng Si 0-0: Foul Ball, location: 2F
0-1: Ball
1-1: Ground out 4-3 (Groundball, 4S)
Batting: RHB Richard Jost 0-0: Foul Ball, location: 2F
0-1: Swinging Strike
0-2: Foul Ball, location: 2F
0-2: Strikes out swinging
Pinch Hitting: RHB Jorge Díaz 0-0: Fly out, F8 (Flyball, 8RS)
Top of the 9th over - 0 runs, 0 hits, 0 errors, 0 left on base; Buckhead 3 - Seattle 5
Saturday, December 22nd, 2018 - OOTP Baseball 18.8 Build 76